 Dungeon Crawl Stone Soup version 0.31-a0-1001-g770356a28f (webtiles) character file.

Game seed: 7125837891059616278

13 Maratek the Trooper (level 2, -5/24 HPs)
             Began as a Demonspawn Fighter on Nov 8, 2023.
             Slain by a gnoll
             ... wielding a +0 whip
              (7 damage)
             ... on level 1 of the Dungeon.
             The game lasted 00:00:16 (70 turns).

Maratek the Trooper (Demonspawn Fighter)              Turns: 70, Time: 00:00:17

Health: -5/24      AC:  6    Str: 16    XL:     2   Next: 24%
Magic:  2/2        EV:  8    Int:  9    God:
Gold:   12         SH:  4    Dex: 12    Spells: 1/1 levels left

rFire   . . .        a - +0 war axe
rCold   . . .        c - +0 buckler
rNeg    . . .        b - +0 scale mail
rPois   .            (no helmet)
rElec   .            (no cloak)
rCorr   .            (no gloves)
SInv    .            (no boots)
Will    .....        (no amulet) Stlth
                     (no ring)
HPRegen 0.24/turn    (no ring)
MPRegen 0.08/turn

%: no passive effects
@: no status effects
A: hooves 1
a: no special abilities


You were on level 1 of the Dungeon.
You visited 1 branch of the dungeon, and saw 1 of its levels.

You collected 12 gold pieces.

Inventory:

Hand Weapons
 a - a +0 war axe (weapon)
Armour
 b - a +0 scale mail (worn)
 c - a +0 buckler (worn)
Potions
 d - a potion of might
 e - a potion of enlightenment {unknown}


   Skills:
 + Level 3.0 Fighting
 + Level 2.1 Axes
 + Level 2.8 Armour
 + Level 0.1 Dodging
 + Level 2.9 Shields


You had one spell level left.
You didn't know any spells.
Your spell library was empty.

Dungeon Overview and Level Annotations

Branches:
Dungeon (1/15)

Altars:


Innate Abilities, Weirdness & Mutations

You have large cloven feet.


Message History

The jackal barely misses you.
You hit the jackal but do no damage.
The jackal is severely wounded.
The jackal bites you but does no damage.
The jackal bites you.
* * * LOW HITPOINT WARNING * * *
You closely miss the jackal.
The jackal is severely wounded.
You hit the hobgoblin.
You kill the hobgoblin!
The jackal barely misses you. x2
You have reached level 2!
Your demonic ancestry asserts itself...
Your feet thicken and deform.
You hit the jackal. You kick the jackal.
You kill the jackal!
You hit the kobold.
The kobold is severely wounded.
You slash the kobold!
You kill the kobold!
The kobold hits you with a +0 club.
* * * LOW HITPOINT WARNING * * *
The kobold hits you but does no damage.
You hit the kobold.
You kill the kobold!
You slash the endoplasm!
You kill the endoplasm!
You hit the giant cockroach. The giant cockroach closely misses you.
The gnoll hits you with a +0 whip.
* * * LOW HITPOINT WARNING * * *
The giant cockroach closely misses you.
You barely miss the gnoll.
You completely miss the giant cockroach.
The giant cockroach barely misses you. The gnoll barely misses you.
You hit the gnoll but do no damage. You kick the gnoll.
The gnoll is lightly wounded.
You barely miss the giant cockroach. The giant cockroach bites you.
* * * LOW HITPOINT WARNING * * *
The gnoll hits you with a +0 whip!
You die...

..~~~~....................
<..~~~~~....#...........#.
..~~~~......#..†..........
~~~~.....#..†.....##.....#
~~..~...##........B†......
~....~..8#..#......†......
~..#.....#..#).#.######...
..####..†...#..#g# . .##
###....#..#@# .
###..#..B........ #
#..##.#.#.#####
#.....#.#.# ##.####.# .
#.# #.# ## #.# #.# ..#


You could see a gnoll and a giant cockroach.

Vanquished Creatures
  A bat (D:1)
  An endoplasm (D:1)
  A hobgoblin (D:1)
  4 jackals (D:1)
  A ball python (D:1)
  3 kobolds (D:1)
  A rat (D:1)
12 creatures vanquished.

Notes
Turn   | Place    | Note
-------+----------+-------------------------------------------
     0 | D:1      | Maratek the Demonspawn Fighter began the quest for the Orb.
     0 | D:1      | Reached XP level 1. HP: 18/18 MP: 1/1
    65 | D:1      | Gained mutation: You have large cloven feet. [demonic
                  | ancestry]
    65 | D:1      | Reached XP level 2. HP: 6/24 MP: 2/2
    70 | D:1      | Slain by a gnoll

Illustrated notes

Levels and vault maps discovered:
D:1:      eino_arrival_water_star, layout_basic

Skill      XL: |  1 |
---------------+----+-----
Axes           | 2 |  2.1
Fighting       | |  3.0
Armour         | |  2.8
Dodging        | |  0.1
Shields        | |  2.9

Action                     || total
---------------------------++-------
  Melee: War axe           ||    27
         Kick              ||     2
 Armour: Scale mail        ||    39
  Dodge: Dodged            ||    30
  Block: Buckler           ||     8

Table legend: (Time is in decaauts)
 A = Elapsed time spent in this place.
 B = Non-inter-level travel time spent in this place.
 C = Inter-level travel time spent in this place.
 D = Time resting spent in this place.
 E = Time spent auto-exploring this place.
 F = Levels seen in this place.
 G = Mean time per level.
                   A        B        C        D        E       F      G
               +--------+--------+--------+--------+--------+-----+--------+
         Total |     81 |     81 |      0 |      0 |     23 |   1 |   81.0 |
       Dungeon |     81 |     81 |      0 |      0 |     23 |   1 |   81.0 |
               +--------+--------+--------+--------+--------+-----+--------+

Top non-repeatable levels by time:
     D:1: 81 daAuts
